AoeStats
← Ming.213

Arabia

508457652Analyzed
4v4 RM · 11d ago on Sep 22, 2026· 60m 1s· 8 players
Game mode
Random Map
Map size
Large (8 player)
Population
200
Speed
Normal
Resources
Standard
Victory
Conquest
Starting age
Dark Age
Ending age
Imperial Age
RankedLock teamsTeams togetherTeam positionsShared explorationLock speedFull tech treeHidden civsTurbo modeCheats
Victory
Defeat
🇪🇪 Poles · Estonia
888
+12
🇪🇨 Franks · Ecuador
819
+15
🇦🇷 Koreans · Argentina
806
+16
🇮🇳 Khmer · India
802
+16
🇹🇼 Japanese · Taiwan
922
-19
🇦🇷 Franks · Argentina
888
-18
🇨🇳 Huns · China
704
-11
🇹🇷 Khmer · Türkiye
697
-11
LordSilwo
7:32 Loom
9:55 Feudal Age
11:40 Double-Bit Axe
17:05 Horse Collar
20:56 Castle Age
19:07 Stone Mining
22:53 Bow Saw
22:47 Husbandry
22:57 Bloodlines
23:27 Heavy Plow
24:29 Scale Barding Armor
26:39 Chain Barding Armor
26:30 Forging
27:16 Szlachta Privileges
30:37 Wheelbarrow
30:44 Iron Casting
34:45 Imperial Age
35:01 Hand Cart
35:35 Cavalier
37:24 Blast Furnace
37:23 Conscription
48:54 Fletching
50:29 Chemistry
49:49 Ballistics
52:35 Bodkin Arrow
56:20 Spies/Treason
KAISER962605
0:39 Loom
10:32 Feudal Age
18:52 Forging
25:21 Castle Age
24:07 Fletching
26:10 Bodkin Arrow
26:41 Crossbowman
29:16 Husbandry
32:45 Scale Barding Armor
33:14 Double-Bit Axe
36:06 Gold Mining
37:51 Iron Casting
42:08 Chain Barding Armor
47:18 Imperial Age
49:16 Onager
50:58 Bow Saw
51:41 Cavalier
54:21 Chemistry
54:14 Plate Barding Armor
57:29 Gold Shaft Mining
58:21 Paladin
60:41 Chivalry
findsarfaraz
3:28 Loom
12:54 Feudal Age
13:36 Double-Bit Axe
15:17 Bloodlines
15:14 Horse Collar
18:03 Forging
23:45 Castle Age
24:45 Heavy Plow
25:12 Bow Saw
24:30 Pikeman
25:12 Scale Mail Armor
26:21 Wheelbarrow
35:20 Imperial Age
34:51 Husbandry
34:12 Light Cavalry
35:54 Chain Mail Armor
36:14 Iron Casting
35:30 Fletching
36:24 Conscription
36:59 Padded Archer Armor
36:50 Fletching
37:42 Double Crossbow
38:54 Leather Archer Armor
39:03 Halberdier
40:37 Crop Rotation
42:23 Ballistics
42:09 Capped Ram
44:40 Chemistry
43:31 Heavy Scorpion
44:42 Siege Ram
45:37 Onager
49:03 Bodkin Arrow
49:38 Ring Archer Armor
51:36 Siege Engineers
51:22 Heated Shot
55:52 Spies/Treason
57:56 Hand Cart
58:43 Blast Furnace
57:44 Bracer
57:50 Scale Barding Armor
AlandorH
9:49 Loom
14:07 Feudal Age
15:49 Double-Bit Axe
27:30 Castle Age
27:08 Scale Mail Armor
27:18 Forging
27:51 Crossbowman
28:33 Squires
28:39 Pikeman
32:06 Fletching
34:51 Arson
36:57 Bodkin Arrow
37:18 Chain Mail Armor
38:34 Wheelbarrow
39:04 Thumb Ring
40:35 Town Watch
44:03 Imperial Age
41:51 Gold Mining
41:53 Stone Mining
45:12 Gold Shaft Mining
45:52 Conscription
46:31 Stone Shaft Mining
46:15 Bow Saw
46:45 Horse Collar
48:27 Scale Barding Armor
50:59 Two-Man Saw
50:39 Treadmill Crane
52:41 Ballistics
53:42 Shinkichon
53:50 Husbandry
55:18 Chemistry
54:29 Masonry
54:22 Bracer
54:52 Plate Mail Armor
54:45 Chain Barding Armor
54:58 Elite War Wagon
57:34 Architecture
57:45 Guilds
57:38 Caravan
59:46 Two-Man Saw
Ruhi TIĞLI
0:38 Loom
15:21 Feudal Age
15:43 Horse Collar
15:49 Double-Bit Axe
22:24 Stone Mining
22:24 Gold Mining
25:36 Castle Age
29:21 Bow Saw
29:16 Heavy Plow
29:54 Wheelbarrow
38:03 Imperial Age
35:50 Hand Cart
35:21 Town Watch
37:42 Town Patrol
38:27 Heavy Scorpion
39:20 Double Crossbow
41:30 Chemistry
42:00 Siege Engineers
43:18 Fortified Wall
44:25 Fletching
45:07 Bodkin Arrow
Thorfinn
11:04 Loom
12:50 Feudal Age
14:05 Double-Bit Axe
14:44 Gold Mining
17:13 Stone Mining
17:36 Forging
17:38 Scale Barding Armor
22:23 Castle Age
24:01 Gold Shaft Mining
24:19 Bow Saw
25:11 Scale Mail Armor
27:17 Iron Casting
28:37 Husbandry
31:33 Chain Barding Armor
30:37 Light Cavalry
31:05 Pikeman
31:46 Squires
37:00 Gambesons
37:00 Arson
臥龍鳳雛
0:54 Loom
11:32 Feudal Age
14:23 Double-Bit Axe
17:59 Arson
18:32 Horse Collar
19:49 Wheelbarrow
24:20 Gold Mining
24:20 Stone Mining
28:44 Castle Age
29:39 Bow Saw
29:44 Heavy Plow
31:02 Gold Shaft Mining
34:26 Scale Mail Armor
34:38 Forging
36:56 Wheelbarrow
Ming.213
10:56 Feudal Age
16:10 Castle Age
14:11 Double-Bit Axe
18:27 Husbandry
24:08 Horse Collar
26:10 Wheelbarrow
25:21 Town Watch
27:57 Fletching
28:28 Hand Cart
28:04 Town Watch
30:18 Heavy Plow
30:30 Bow Saw
32:13 Stone Mining
32:14 Gold Mining
32:14 Elite Skirmisher
34:49 Bloodlines
35:36 Forging
35:31 Scale Barding Armor
35:25 Bodkin Arrow
35:40 Scale Barding Armor
36:35 Padded Archer Armor
42:30 Gold Shaft Mining
41:32 Pikeman
42:12 Squires
Connection lost

Rejoining the realm…

Still unreachable

The connection could not be restored.

Session expired

The server has moved on; the page needs a fresh start.